 Dungeon Crawl Stone Soup version 0.19-a0-1019-g9c6a58d (webtiles) character file.

25108 Gagarin the Cleaver (level 12, -3/111 HPs)
             Began as a Minotaur Fighter on July 25, 2016.
             Was the Champion of Okawaru.
             Slain by a swamp worm (16 damage)
             ... on level 4 of the Lair of Beasts.
             The game lasted 00:47:04 (13663 turns).

Gagarin the Cleaver (Minotaur Fighter)             Turns: 13663, Time: 00:47:05

Health: -3/111     AC: 20    Str: 26    XL:     12   Next: 86%
Magic:  11/11      EV: 11    Int:  5    God:    Okawaru [******]
Gold:   530        SH:  0    Dex:  6    Spells: 0 memorised, 11 levels left

rFire  + . .     SeeInvis +     a - +4 battleaxe of Fear {distort, SInv}
rCold  + . .     Gourm    .     M - +1 chain mail {rF+}
rNeg   . . .     Faith    .     (shield currently unavailable)
rPois  +         Spirit   .     (helmet restricted)
rElec  .         Dismiss  .     E - +2 cloak
rCorr  .         Reflect  .     G - +0 pair of gloves (curse)
SustAt .         Harm     .     J - +0 pair of boots
MR     .....                    (no amulet)
Stlth  ..........               K - ring of wizardry
                                B - ring of poison resistance

@: not resistant to hostile enchantments, extremely unstealthy
A: retaliatory headbutt, horns 2, clumsy 2, cold resistance 1, regeneration 1
a: Heroism, Finesse, Renounce Religion


You were on level 4 of the Lair of Beasts.
You worshipped Okawaru.
Okawaru was exalted by your worship.
You were not hungry.

You visited 4 branches of the dungeon, and saw 15 of its levels.
You also visited: Ossuary.

You collected 628 gold pieces.
You spent 98 gold pieces at shops.

Inventory:

Hand Weapons
 a - the +4 battleaxe of Fear (weapon) {distort, SInv}
   (Okawaru gifted it to you on level 3 of the Lair of Beasts)

   It warps and distorts space around it.
   Unwielding it can cause banishment or high damage.
   It lets you see invisible.
 P - the +8 hand axe of Womerufo {chop, Int+2}
   (You found it on level 3 of the Lair of Beasts)

   It inflicts extra damage upon your enemies.
   It affects your intelligence (+2).
 W - a +1 hunting sling
Missiles
 i - 117 sling bullets
 t - 16 tomahawks (quivered)
Armour
 c - a +0 shield
 E - a +2 cloak (worn)
 G - a cursed +0 pair of gloves (worn)
 J - a +0 pair of boots (worn)
 M - a +1 chain mail of fire resistance (worn)
Jewellery
 B - a ring of poison resistance (left hand)
 K - a ring of wizardry (right hand)
Wands
 b - a wand of flame (30/48)
 u - a wand of iceblast (3/15)
 y - a wand of polymorph (8/24)
Scrolls
 j - 2 scrolls of random uselessness {unknown}
 k - 2 scrolls of amnesia
 l - 7 scrolls of remove curse
 n - 13 scrolls of identify
 w - 2 scrolls of enchant weapon
 x - 2 scrolls of fear {unknown}
 z - 2 scrolls of blinking
 C - a scroll of enchant armour {unknown}
 D - 6 scrolls of teleportation
 H - 3 scrolls of fog {unknown}
 I - a scroll of holy word {unknown}
 O - a scroll of silence
 R - a scroll of magic mapping {unknown}
 S - a scroll of acquirement {unknown}
Potions
 d - 2 potions of might
 e - 7 potions of curing
 g - a potion of heal wounds
 m - 6 potions of lignification {unknown}
 o - a potion of beneficial mutation {unknown}
 q - 2 potions of agility
 N - 2 potions of flight
 Q - a potion of ambrosia {unknown}
Miscellaneous
 s - a disc of storms
Comestibles
 f - 9 bread rations
 h - a meat ration
 p - 4 royal jellies
 r - 7 chunks of flesh
 v - 20 fruits


   Skills:
 + Level 11.7 Fighting
 + Level 13.4 Axes
 + Level 1.2 Throwing
 + Level 12.3 Armour
 + Level 8.1 Dodging
 + Level 1.1 Stealth
 + Level 12.5 Shields
 + Level 0.3 Evocations


You had 11 spell levels left.
You didn't know any spells.

Dungeon Overview and Level Annotations

Branches:
Dungeon (9/15)             Temple (1/1) D:5            Lair (4/6) D:9
  Swamp (1/4) Lair:4       Spider (0/4) Lair:2
    Orc: D:9-12

Altars:
Ashenzari
Cheibriados
Dithmenos
Elyvilon
Fedhas
Gozag
Hepliaklqana
Kikubaaqudgha
Makhleb
Nemelex Xobeh
Okawaru
Pakellas
Qazlal
Ru
Sif Muna
Trog
Uskayaw
Vehumet
Xom
Yredelemnul
Zin
The Shining One

Shops:
D:4 ?   D:8 }


Innate Abilities, Weirdness & Mutations

You reflexively headbutt those who attack you in melee.
You have a pair of horns on your head.
You are very clumsy. (Dex -4)
Your flesh is cold resistant. (rC+)
Your natural rate of healing is unusually fast.


Message History

The nine-headed hydra bites you!
* * * LOW HITPOINT WARNING * * *
The nine-headed hydra bites you.
* * * LOW HITPOINT WARNING * * *
The nine-headed hydra bites you but does no damage.
The nine-headed hydra bites you.
* * * LOW HITPOINT WARNING * * *
The nine-headed hydra bites you but does no damage.
You are too injured to fight recklessly!
Unknown command.
You chop one of the nine-headed hydra's heads off!
The eight-headed hydra grows two more!
You slash the ten-headed hydra!
The ten-headed hydra is severely wounded.
You closely miss the swamp worm.
The ten-headed hydra blinks!
The swamp worm bites you.
* * * LOW HITPOINT WARNING * * *
You barely miss the ten-headed hydra.
The ten-headed hydra is severely wounded.
You closely miss the swamp worm. The swamp worm bites you!
You die...

###.....#####.P...###.
#.#......###...#.####.
##......#.##.P#...#...
##......÷.............
#......♣♣♣♣♣♣♣♣.......
######..♣♣♣♣♣♣♣♣♣♣♣♣♣♣♣♣♣..
#.#.##.♣♣§§§§♣≈≈≈≈≈≈≈≈≈≈♣♣♣
#...P#.♣♣§>§§♣.............
#......♣♣§@w...........♣...
#...#..♣♣§≈D§≈≈≈≈≈♣≈≈≈≈≈♣♣♣
##...#..♣♣♣♣♣♣♣♣♣♣♣♣♣♣♣♣♣..
#..###..♣.#♣ ♣♣....... #.##
##....♣ ♣...#.##. #.##
#..(## #...####. #..#
#...## #..## ##. #.##
#....# #..####.. ##.#
#....# #........


You could see a ten-headed hydra and a swamp worm.

Vanquished Creatures
  A catoblepas (Lair:2)
  The ghost of Waterpls the Grappler, a journeyman VSEn of Hepliaklqana (Lair:2)
  A griffon (Lair:3)
  8 elephants
  4 black mambas
  10 spiny frogs
  A rime drake (Lair:1)
  2 komodo dragons
  A queen bee (Lair:3)
  Grinder (D:5)
  4 blink frogs (Lair:3)
  A wyvern (Lair:3)
  19 yaks
  The ghost of epen the Poker, an amateur MfSk (D:4)
  5 hippogriffs
  A basilisk (Lair:3)
  Menkaure (D:6)
  Edmund (D:6)
  3 swamp worms (Lair:4)
  10 water moccasins
  6 porcupines
  Duvessa (D:6)
  A swamp drake (Lair:1)
  A sky beast (D:5)
  2 orc warriors
  2 black bears
  4 ice beasts
  3 ogres
  A phantom (D:5)
  A centaur (D:5)
  8 wolves
  8 crocodiles
  Blork the orc (D:6)
  The ghost of WhatIsLove the Magician, an amateur DECj (D:3)
  2 elf zombies (Ossuary)
  6 giant frogs
  Dowan (D:6)
  A scorpion (D:7)
  31 killer bees
  7 wights
  3 howler monkeys
  2 crimson imps
  A quasit (D:7)
  2 giant frog zombies
  A jelly (D:7)
  A centaur skeleton (D:6)
  9 orc priests
  Crazy Yiuf (D:6)
  6 hounds
  3 giant frog skeletons
  10 orc wizards
  Jessica (D:2)
  Ijyb (D:2)
  Terence (D:3)
  Natasha (thrice) (D:2)
  9 iguanas
  3 worker ants
  A killer bee zombie (D:6)
  13 sheep (Lair:2)
  4 big kobold zombies (Ossuary)
  2 hound skeletons
  2 mummies (Ossuary)
  A worker ant zombie (D:9)
  3 gnolls (D:7)
  4 adders
  22 river rats
  2 shadow imps
  12 white imps (Lair:2)
  An ooze (D:4)
  2 adder zombies
  A worm (D:4)
  A dart slug (D:1)
  7 giant geckos
  31 orcs
  4 giant cockroaches
  6 goblins
  8 hobgoblins
  13 jackals
  8 quokkas
  10 bats
  A giant cockroach zombie (D:5)
  A giant gecko zombie (D:5)
  4 giant newts
  9 hobgoblin zombies (Ossuary)
  A jackal skeleton (D:6)
  A jackal zombie (Ossuary)
  7 kobolds
  5 kobold zombies (Ossuary)
  14 orc zombies (Ossuary)
  A quokka zombie (D:5)
  4 rats
  A rat zombie (Ossuary)
  A spectral orc (D:4)
429 creatures vanquished.

Vanquished Creatures (others)
  An elephant (Lair:3)
  A torpor snail (Lair:4)
  3 yaks (Lair:3)
  A swamp worm (Lair:4)
  A crocodile (Lair:3)
  A giant frog (Lair:1)
  An electric eel (Lair:4)
  A river rat (Lair:1)
  6 fungi
  5 plants
21 creatures vanquished.

Grand Total: 450 creatures vanquished

Notes
Turn   | Place    | Note
-------+----------+-------------------------------------------
     0 | D:1      | Gagarin the Minotaur Fighter began the quest for the Orb.
     0 | D:1      | Reached XP level 1. HP: 19/19 MP: 0/0
   130 | D:1      | Reached XP level 2. HP: 27/27 MP: 1/1
   811 | D:2      | Noticed Ijyb
   825 | D:2      | Killed Ijyb
   825 | D:2      | Reached XP level 3. HP: 28/33 MP: 2/2
   942 | D:2      | Noticed Natasha
   947 | D:2      | Killed Natasha
   947 | D:2      | Reached XP level 4. HP: 40/40 MP: 3/3
  1048 | D:2      | Noticed Natasha
  1054 | D:2      | Killed Natasha
  1167 | D:2      | Noticed Jessica
  1174 | D:2      | Killed Jessica
  1174 | D:2      | Reached skill level 3 in Axes
  1174 | D:2      | Reached skill level 5 in Armour
  1267 | D:2      | Reached skill level 1 in Dodging
  1276 | D:2      | Noticed Natasha
  1281 | D:2      | Killed Natasha
  1281 | D:2      | Reached XP level 5. HP: 40/46 MP: 4/4
  1291 | D:2      | Found a faded altar of an unknown god.
  1506 | D:2      | Found a white marble altar of Elyvilon.
  1531 | D:2      | Reached skill level 5 in Shields
  1878 | D:3      | Found a shimmering altar of Xom.
  1946 | D:3      | Noticed Terence
  1987 | D:3      | Killed Terence
  2000 | D:3      | Noticed WhatIsLove's ghost (amateur DECj)
  2099 | D:3      | Killed WhatIsLove's ghost
  2099 | D:3      | Reached XP level 6. HP: 35/53 MP: 5/5
  2381 | D:4      | Found a basalt altar of Yredelemnul.
  2407 | D:4      | Noticed epen's ghost (amateur MfSk)
  2459 | D:4      | Killed epen's ghost
  2716 | D:4      | Reached skill level 4 in Axes
  2716 | D:4      | Reached XP level 7. HP: 60/60 MP: 6/6
  2748 | D:4      | Found Wuqoyrgh's Magic Scroll Emporium.
  2751 | D:4      | Bought a scroll of remove curse for 42 gold pieces
  2751 | D:4      | Bought a scroll of identify for 28 gold pieces
  2751 | D:4      | Bought a scroll of identify for 28 gold pieces
  2850 | D:4      | Found a shattered altar of Ashenzari.
  3287 | D:4      | Reached skill level 5 in Fighting
  3477 | D:5      | Entered Level 5 of the Dungeon
  3502 | D:5      | Found a staircase to the Ecumenical Temple.
  3517 | Temple   | Entered the Ecumenical Temple
  3587 | Temple   | Became a worshipper of Warmaster Okawaru
  3604 | D:5      | Found a bloodstained altar of Trog.
  3672 | D:5      | Found a blossoming altar of Fedhas.
  3686 | D:5      | Reached skill level 5 in Axes
  3687 | D:5      | Reached XP level 8. HP: 42/68 MP: 7/7
  3853 | D:5      | Reached * piety under Okawaru
  3995 | D:5      | Noticed Grinder
  4009 | D:5      | Killed Grinder
  4009 | D:5      | Reached skill level 1 in Throwing
  4398 | D:6      | Noticed Menkaure
  4406 | D:6      | Killed Menkaure
  4406 | D:6      | Reached skill level 6 in Axes
  4410 | D:6      | Reached skill level 5 in Dodging
  4480 | D:6      | Noticed Edmund
  4483 | D:6      | Noticed Duvessa
  4489 | D:6      | Noticed Dowan
  4489 | D:6      | Killed Edmund
  4513 | D:6      | Killed Duvessa
  4513 | D:6      | Reached ** piety under Okawaru
  4513 | D:6      | Reached XP level 9. HP: 57/75 MP: 8/8
  4521 | D:6      | Killed Dowan
  4681 | D:6      | Found a radiant altar of Vehumet.
  4685 | D:6      | Gained mutation: You are clumsy. (Dex -2) [potion of mutation]
  4685 | D:6      | Gained mutation: You are very clumsy. (Dex -4) [potion of mutation]
  4685 | D:6      | Gained mutation: Your flesh is cold resistant. (rC+) [potion of mutation]
  4710 | D:6      | Found a shimmering altar of Xom.
  4728 | D:6      | Found a shimmering altar of Xom.
  4728 | D:6      | Found a shimmering altar of Xom.
  4746 | D:6      | Found a sand-covered staircase.
  4751 | Ossuary  | Entered an ossuary
  4963 | Ossuary  | Reached skill level 7 in Axes
  5101 | D:6      | Found a shimmering altar of Xom.
  5195 | D:6      | Found a hide-covered altar of Uskayaw.
  5263 | D:6      | Noticed Blork the orc
  5272 | D:6      | Killed Blork the orc
  5528 | D:6      | Found a runed door.
  5532 | D:6      | Noticed Crazy Yiuf
  5540 | D:6      | Killed Crazy Yiuf
  5814 | D:7      | Reached *** piety under Okawaru
  5920 | D:7      | Reached skill level 8 in Axes
  6291 | D:7      | Found a deep blue altar of Sif Muna.
  6698 | D:8      | Found a hazy altar of Hepliaklqana.
  6754 | D:8      | Found Efogirr's Gadget Shop.
  6804 | D:8      | Reached XP level 10. HP: 86/86 MP: 9/9
  6976 | D:9      | Found a sparkling altar of Nemelex Xobeh.
  7020 | D:9      | Found a burning altar of Makhleb.
  7149 | D:9      | Found a staircase to the Lair.
  7189 | D:9      | Reached skill level 9 in Axes
  7409 | D:9      | Found an opulent altar of Gozag.
  7451 | D:9      | Reached skill level 10 in Shields
  7480 | D:9      | Reached **** piety under Okawaru
  7537 | D:9      | Gained mutation: You evolve. [potion of mutation]
  7556 | Lair:1   | Entered Level 1 of the Lair of Beasts
  7556 | Lair:1   | Noticed a spiny frog
  7573 | Lair:1   | Killed a spiny frog
  8254 | Lair:1   | Noticed a black mamba
  8266 | Lair:1   | Killed a black mamba
  8266 | Lair:1   | Received a gift from Okawaru
  8266 | Lair:1   | Reached skill level 10 in Axes
  8608 | Lair:1   | Noticed a spiny frog
  8616 | Lair:1   | Killed a spiny frog
  9097 | Lair:2   | Reached skill level 10 in Armour
  9100 | Lair:2   | Reached XP level 11. HP: 84/95 MP: 10/10
  9103 | Lair:2   | Noticed Waterpls's ghost (journeyman VSEn)
  9244 | Lair:2   | Killed Waterpls's ghost
  9244 | Lair:2   | Reached ***** piety under Okawaru
  9842 | Lair:2   | Found a hole to the Spider Nest.
 10147 | Lair:2   | Received a gift from Okawaru
 10249 | Lair:2   | Reached skill level 11 in Axes
 10861 | Lair:2   | Noticed a catoblepas
 10869 | Lair:2   | Killed a catoblepas
 11295 | Lair:3   | Noticed a griffon
 11303 | Lair:3   | Killed a griffon
 11422 | Lair:3   | Got a transparent hand axe
 11423 | Lair:3   | Identified the +8 hand axe of Womerufo {chop, Int+2} (You found it on level 3 of the Lair of Beasts)
 11545 | Lair:3   | Reached skill level 1 in Stealth
 11548 | Lair:3   | Reached skill level 10 in Fighting
 11548 | Lair:3   | Reached XP level 12. HP: 69/106 MP: 11/11
 11554 | Lair:3   | Received a gift from Okawaru
 11555 | Lair:3   | Got an ichor-stained battleaxe {god gift}
 11561 | Lair:3   | Identified the +4 battleaxe of Fear {distort, SInv} (Okawaru gifted it to you on level 3 of the Lair of Beasts)
 11776 | Lair:3   | Reached skill level 12 in Axes
 12010 | Lair:3   | Gained mutation: Your natural rate of healing is unusually fast. [evolution]
 12010 | Lair:3   | Lost mutation: You evolve. [end of evolution]
 12608 | Lair:3   | Reached skill level 13 in Axes
 12746 | Lair:4   | Reached ****** piety under Okawaru
 12827 | Lair:4   | Noticed a six-headed hydra
 13600 | Lair:4   | Found a staircase to the Swamp.
 13624 | Swamp:1  | Entered Level 1 of the Swamp
 13640 | Swamp:1  | Noticed a six-headed hydra
 13663 | Lair:4   | Slain by a swamp worm

Vault maps used:
D:1:      minmay_arrival_open_corners, minmay_misc_feat_tower,
          minmay_tree_intersection
D:2:      nicolae_overflow_crystal_walls, ecumenical_altar_2, uniq_iyjb,
          uniq_jessica, uniq_natasha
D:3:      marbit_many_paths, st_stairs_4, uniq_terence
D:4:      minmay_diamond_boxcup, yredelemnul_forgotten_temple_becter,
          ashenzari_altar_1, serial_shops, shop, first_bread
D:5:      bloody_trog, fedhas_bush_and_centaur_altar, uniq_grinder
D:6:      vehumet_altar_wand_db, lemuel_coloured_pillars_altar,
          lightli_ossuary_entry_decrepit_ruins, xom_redecorated, uniq_edmund,
          uniq_duvessa, uniq_crazy_yiuf_cottage, uniq_menkaure,
          uniq_blork_the_orc
D:7:      led_sif_book
D:8:      lemuel_doored_altar, serial_shops, shop, hangedman_ranch
D:9:      nemelex_xobeh_ov_fountains_minmay, grunt_gozag_breadcrumbs,
          old_standard_altar, david_lair_shrubbed, minmay_liquid_box
Temple:   jpeg_temple_island
Lair:1:   pond
Lair:2:   beast_lair_carwin_large_1, spider_nest_entry_a,
          portal_ice_cave_entry_imps, grunt_megastairs_4
Lair:3:   regret_index_wax_grids, st_stairs_4
Lair:4:   nicolae_swamp_entry_splash_gauntlet, lemuel_fruit_fields,
          lemuel_fruit_tree
Swamp:1:  evilmike_swamp_ruin_rubble_1
Ossuary:  ossuary_tomb_1

Skill      XL: |  1  2  3  4  5  6  7  8  9 10 11 12 |
---------------+-------------------------------------+-----
Shields        | 4 5 6 8 9 10 12 | 12.5
Fighting       | 4 5 6 7 8 10 11 | 11.7
Armour         | 4 5 6 7 8 10 11 12 | 12.3
Axes           | 3 4 5 6 8 10 11 13 | 13.4
Dodging        | 1 2 3 5 6 7 8 |  8.1
Throwing       | 1 |  1.2
Stealth        | 1 |  1.1
Evocations     | |  0.3

Action                   |  1- 3 |  4- 6 |  7- 9 | 10-12 || total
-------------------------+-------+-------+-------+-------++-------
Melee: War axe           |    63 |   167 |   542 |   426 ||  1198
       Headbutt          |     9 |    19 |    82 |   123 ||   233
       Unarmed           |       |     1 |       |       ||     1
       Broad axe         |       |       |       |    90 ||    90
       Hand axe          |       |       |       |    19 ||    19
       Battleaxe         |       |       |       |   193 ||   193
Throw: Tomahawk          |       |       |     5 |       ||     5
Invok: Heroism           |       |       |     2 |     1 ||     3
Evoke: Wand              |       |       |       |     3 ||     3
  Use: Scroll            |       |       |     1 |    12 ||    13
       Potion            |       |       |     7 |     4 ||    11
  Eat: Chunk             |       |     6 |    14 |    20 ||    40
       Beef jerky        |       |       |       |     2 ||     2
Armor: Scale mail        |    17 |    72 |    73 |       ||   162
       Chain mail        |       |       |   143 |   370 ||   513
Dodge: Dodged            |    19 |    58 |   160 |   355 ||   592
Block: Shield            |    32 |   109 |   265 |   367 ||   773
